[Event "Titled Tuesday Blitz April 12 Late 2022"]
[White "Kalavannan, Koby"]
[Black "Stelmaszyk, Nico"]
[WhiteFideId "425753"]
[BlackFideId "16200462"]
[WhiteElo "1927"]
[BlackElo "2119"]
[Result "1-0"]
[Round "06"]
[TimeControl "180+1"]
[Date "2022.04.13"]
[WhiteClock "0:00:24"]
[BlackClock "0:00:17"]

1. d4 d5 2. Nf3 e6 3. c4 c5 4. cxd5 exd5 5. g3 Nc6 6. Bg2 c4 7. O-O Bb4 8. Nc3 Nge7 9. Qc2 Bf5 10. e4 dxe4 11. Nxe4 O-O 12. Rd1 Nd5 13. Ne5 Rc8 14. Qe2 b5 15. Qf3 Nce7 16. a3 Ba5 17. g4 Bg6 18. h4 f5 19. Nc5 fxg4 20. Qxg4 Bf5 21. Qg3 Bc7 22. Bh6 Ng6 23. Nb7 Bxe5 24. dxe5 Qxh4 25. Bxd5+ Kh8 26. Qxh4 Nxh4 27. Bg5 Ng6 28. Nd6 Rb8 29. Nf7+ Rxf7 30. Bxf7 Nxe5 31. Bf4 Nf3+ 32. Kg2 Nh4+ 33. Kg3 Rf8 34. Kxh4 g5+ 35. Kxg5 Rxf7 36. Be5+ Kg8 37. Rd8+ Rf8 38. Rxf8+ 1-0


[Site "https://www.chess.com"]

[Event "Titled Tuesday Blitz April 12 Late 2022"]
[White "Kamsky, Gata"]
[Black "Fedoseev, Vladimir"]
[WhiteFideId "2000024"]
[BlackFideId "24130737"]
[WhiteElo "2645"]
[BlackElo "2726"]
[Result "1-0"]
[Round "06"]
[TimeControl "180+1"]
[Date "2022.04.12"]
[WhiteClock "0:00:45"]
[BlackClock "0:00:17"]

1. e4 e5 2. Nf3 Nc6 3. Bb5 Nf6 4. O-O Nxe4 5. Re1 Nd6 6. Nxe5 Be7 7. Bf1 O-O 8. d4 Nf5 9. c3 Nxe5 10. dxe5 d5 11. exd6 Bxd6 12. Nd2 Bd7 13. Ne4 Be7 14. Bf4 Nh4 15. Qd4 Ng6 16. Bg3 Bc6 17. Qxd8 Bxd8 18. Bc4 Kh8 19. Nc5 Be7 20. Nb3 b6 21. Ba6 Bd8 22. Nd4 Bd7 23. Rad1 Rb8 24. Nb5 Bxb5 25. Bxb5 f5 26. f3 f4 27. Bf2 Be7 28. Rd7 Bd6 29. Bd4 Rf6 30. Bxf6 gxf6 31. Rf7 Be5 32. Rd1 Kg8 33. Rdd7 Nf8 34. Rde7 Bd6 35. Rg7+ Kh8 36. Bc4 Bc5+ 37. Kf1 1-0


[Site "https://www.chess.com"]

[Event "Titled Tuesday Blitz April 12 Late 2022"]
[White "Kanyamarala, Tarun"]
[Black "Bach, Matthias"]
[WhiteFideId "45004714"]
[BlackFideId "4603168"]
[WhiteElo "2177"]
[BlackElo "2165"]
[Result "1-0"]
[Round "06"]
[TimeControl "180+1"]
[Date "2022.04.13"]
[WhiteClock "0:01:17"]
[BlackClock "0:01:11"]

1. d4 Nf6 2. c4 c5 3. d5 e6 4. Nf3 exd5 5. cxd5 d6 6. e4 g6 7. h3 Bg7 8. Bd3 O-O 9. O-O b5 10. Nc3 c4 11. Bc2 b4 12. Ne2 a5 13. a3 Ba6 14. Ned4 Re8 15. Re1 Nbd7 16. Nc6 Qb6 17. Be3 Nc5 18. axb4 axb4 19. Ra4 Nxa4 20. Bxb6 Nxb6 21. Nxb4 Bb5 22. Nd4 Ba4 23. Bxa4 Nxa4 24. Qc2 Reb8 25. Ndc6 Rb7 26. Qxc4 Nxb2 27. Qe2 Nd7 28. Rb1 Ra2 29. Nxa2 1-0


[Site "https://www.chess.com"]

[Event "Titled Tuesday Blitz April 12 Late 2022"]
[White "Kanyamarala, Trisha"]
[Black "Winkels, Marcel"]
[WhiteFideId "45004722"]
[BlackFideId "1003887"]
[WhiteElo "2079"]
[BlackElo "1900"]
[Result "1-0"]
[Round "06"]
[TimeControl "180+1"]
[Date "2022.04.13"]
[WhiteClock "0:00:03"]
[BlackClock "0:00:02"]

1. c4 e5 2. b3 Nf6 3. Bb2 d6 4. Nc3 g6 5. g3 Bg7 6. Bg2 O-O 7. Nf3 Nc6 8. O-O Bf5 9. d3 Qc8 10. Re1 Bh3 11. Bh1 h6 12. Rc1 Ng4 13. Nd5 f5 14. Qc2 Qd7 15. b4 Ne7 16. Nh4 Kh7 17. Nxe7 Qxe7 18. Bxb7 Rab8 19. Bg2 Rxb4 20. Bxh3 g5 21. Bc3 Rb7 22. Nxf5 Rxf5 23. Bxg4 Rf8 24. Bf3 Rbb8 25. d4+ Kh8 26. dxe5 dxe5 27. Red1 Rbe8 28. Bc6 Rb8 29. e3 Qf6 30. Bg2 Rf7 31. Rd2 Rbf8 32. Bb4 Re8 33. Rcd1 Qb6 34. a3 c5 35. Bc3 Qe6 36. Qd3 Ref8 37. Bd5 Qf5 38. Bxf7 Qxf7 39. Qd5 Qf5 40. Qd3 Qf6 41. Rb1 h5 42. Qe2 h4 43. Qh5+ Kg8 44. Qg4 Qh6 45. Rb7 h3 46. Qe4 Qf6 47. Rbd7 Qb6 48. Qg4 Qb1+ 49. Rd1 Qc2 50. Bd2 Rf6 51. Be1 Rf8 52. Rd8 Rxd8 53. Rxd8+ Kf7 54. Rd1 Qxd1 55. Qxd1 1-0


[Site "https://www.chess.com"]

[Event "Titled Tuesday Blitz April 12 Late 2022"]
[White "Kavyev, Ruslan"]
[Black "Vusatiuk, Vladimir"]
[WhiteFideId "34110981"]
[BlackFideId "14118610"]
[WhiteElo "2182"]
[BlackElo "2157"]
[Result "0-1"]
[Round "06"]
[TimeControl "180+1"]
[Date "2022.04.13"]
[WhiteClock "0:00:17"]
[BlackClock "0:00:12"]

1. e4 c5 2. Nf3 d6 3. d4 cxd4 4. Nxd4 Nf6 5. Nc3 Nc6 6. Bc4 Qb6 7. Be3 Qxb2 8. Ndb5 Qb4 9. Bd3 Qa5 10. O-O a6 11. Nd5 Nxd5 12. exd5 axb5 13. dxc6 bxc6 14. Re1 e6 15. Qf3 Bb7 16. Rab1 Qc7 17. Qg3 Rxa2 18. Bd4 Ra4 19. c3 h5 20. h3 h4 21. Qg5 Qe7 22. Qg4 Qd7 23. Qg5 Ra8 24. Re4 c5 25. Bxb5 Bc6 26. Bxc6 Qxc6 27. Bxg7 Rg8 28. Rxe6+ fxe6 29. Qg6+ Kd7 30. Qf7+ Be7 31. Bf6 Qxg2# 0-1


[Site "https://www.chess.com"]

[Event "Titled Tuesday Blitz April 12 Late 2022"]
[White "Kazakouski, Valery"]
[Black "Sochacki, Christophe"]
[WhiteFideId "13507443"]
[BlackFideId "662569"]
[WhiteElo "2524"]
[BlackElo "2480"]
[Result "1-0"]
[Round "06"]
[TimeControl "180+1"]
[Date "2022.04.12"]
[WhiteClock "0:00:20"]
[BlackClock "0:00:19"]

1. d4 Nc6 2. d5 Ne5 3. f4 Ng6 4. e4 e6 5. dxe6 fxe6 6. Nf3 Nf6 7. Bd3 Bc5 8. Nc3 a6 9. h3 O-O 10. g3 Nh5 11. Ne2 d5 12. e5 Ba7 13. Bxg6 hxg6 14. g4 b5 15. gxh5 gxh5 16. Ng5 d4 17. Ng3 g6 18. Qd3 Rf5 19. Nxf5 gxf5 20. Qf3 d3 21. Qxa8 dxc2 22. Ke2 b4 23. Qxa7 Qd5 24. Be3 Qg2+ 25. Bf2 Bd7 26. Qb8+ Kg7 27. Qxc7 Qd5 28. Rhd1 Qb5+ 29. Ke1 cxd1=Q+ 30. Rxd1 Kg6 31. Rxd7 1-0


[Site "https://www.chess.com"]

[Event "Titled Tuesday Blitz April 12 Late 2022"]
[White "Khabinets, Ivan"]
[Black "Xie, Bryan"]
[WhiteFideId "14115980"]
[BlackFideId "30941296"]
[WhiteElo "2114"]
[BlackElo "1899"]
[Result "1-0"]
[Round "06"]
[TimeControl "180+1"]
[Date "2022.04.13"]
[WhiteClock "0:01:45"]
[BlackClock "0:00:02"]

1. Nf3 Nf6 2. c4 c5 3. g3 g6 4. d4 Bg7 5. d5 d6 6. Bg2 O-O 7. O-O Nfd7 8. Nc3 Ne5 9. Nd2 a6 10. a4 Qa5 11. h3 b5 12. cxb5 axb5 13. Nxb5 Ba6 14. Nb3 Qb4 15. Nc7 Ra7 16. Bd2 Qc4 17. Nxa6 Rxa6 18. Na5 Qd4 19. Bc3 Qxd1 20. Rfxd1 Nbd7 21. f4 Rxa5 22. Bxa5 Nc4 23. Bc3 Nxb2 24. Bxg7 Kxg7 25. Rdb1 Nc4 26. a5 Ra8 27. a6 Ndb6 28. e4 f5 29. Bf1 fxe4 30. a7 e3 31. Bxc4 Nxc4 32. Rb8 e2 33. Rxa8 1-0


[Site "https://www.chess.com"]

[Event "Titled Tuesday Blitz April 12 Late 2022"]
[White "Khamzin, Olzhas"]
[Black "Stanisz, Patryk"]
[WhiteFideId "13701690"]
[BlackFideId "1123106"]
[WhiteElo "2155"]
[BlackElo "1833"]
[Result "1-0"]
[Round "06"]
[TimeControl "180+1"]
[Date "2022.04.13"]
[WhiteClock "0:00:10"]
[BlackClock "0:00:02"]

1. c4 a6 2. Nc3 Nf6 3. g3 g6 4. Bg2 Bg7 5. Nf3 O-O 6. O-O c5 7. d4 cxd4 8. Nxd4 Nc6 9. Nb3 d6 10. Bg5 Be6 11. Nd5 Rc8 12. Qd2 Ne5 13. Bxf6 exf6 14. Nd4 Nxc4 15. Qb4 f5 16. Rfd1 b5 17. b3 Nb6 18. Nf4 Qe7 19. e3 Rfd8 20. Rac1 g5 21. Nfxe6 fxe6 22. Nc6 Qd7 23. Nxd8 Rxd8 24. Rc6 Nc8 25. Rxa6 d5 26. h4 Nd6 27. hxg5 Ne4 28. Bxe4 fxe4 29. Rb6 Rc8 30. Qxb5 Qe7 31. Qa6 Re8 32. b4 1-0


[Site "https://www.chess.com"]

[Event "Titled Tuesday Blitz April 12 Late 2022"]
[White "Kobalia, Mikhail"]
[Black "Nazaretyan, Tigran"]
[WhiteFideId "4119150"]
[BlackFideId "24162345"]
[WhiteElo "2667"]
[BlackElo "2225"]
[Result "0-1"]
[Round "06"]
[TimeControl "180+1"]
[Date "2022.04.12"]
[WhiteClock "0:00:10"]
[BlackClock "0:00:04"]

1. e4 e5 2. Nf3 Nc6 3. Bb5 a6 4. Ba4 Nf6 5. O-O Be7 6. d3 b5 7. Bb3 O-O 8. Nc3 d6 9. a3 Na5 10. Ba2 c5 11. Nd5 Nxd5 12. Bxd5 Bb7 13. b4 Bxd5 14. exd5 Nb7 15. Re1 Bf6 16. Rb1 Rc8 17. Bd2 c4 18. Be3 Re8 19. Nd2 cxd3 20. cxd3 Rc3 21. Ne4 Rxa3 22. Rc1 Be7 23. g4 a5 24. Rc6 axb4 25. Rb6 Qd7 26. h3 h5 27. Qc1 hxg4 28. Qc6 Qxc6 29. dxc6 Nc5 30. Nxc5 dxc5 31. c7 c4 32. Rb8 Ra8 33. Ba7 Bd6 34. Rxa8 Rxa8 35. Bb8 Rxb8 36. cxb8=Q+ Bxb8 37. Rc1 c3 38. hxg4 Ba7 39. Kf1 Bd4 40. Rb1 c2 0-1


[Site "https://www.chess.com"]

[Event "Titled Tuesday Blitz April 12 Late 2022"]
[White "Korchmar, Vasiliy"]
[Black "Martinez Alcantara, Jose Eduardo"]
[WhiteFideId "24131750"]
[BlackFideId "3805662"]
[WhiteElo "2370"]
[BlackElo "2690"]
[Result "1-0"]
[Round "06"]
[TimeControl "180+1"]
[Date "2022.04.12"]
[WhiteClock "0:00:04"]
[BlackClock "0:00:04"]

1. d4 Nf6 2. Bf4 e6 3. e3 d5 4. Nf3 c5 5. Nbd2 Bd6 6. Bg3 Qc7 7. dxc5 Qxc5 8. c4 Bxg3 9. hxg3 Nc6 10. a3 a5 11. Rc1 Qe7 12. Bd3 h6 13. O-O O-O 14. e4 dxe4 15. Nxe4 Rd8 16. Qe2 Bd7 17. c5 Nxe4 18. Qxe4 Qf6 19. b4 axb4 20. axb4 Ra4 21. Rc4 g6 22. b5 Ra3 23. Be2 Na7 24. Qxb7 e5 25. c6 Be6 26. Rcc1 Nc8 27. c7 Rf8 28. b6 Bf5 29. Qc6 Qxc6 30. Rxc6 Ne7 31. Rd6 Rb3 32. Rc1 Nc8 33. Rd8 Rxb6 34. Nxe5 Be6 35. Bf3 Kg7 36. Nc6 Rb7 37. Nd4 Ra7 38. Nxe6+ fxe6 39. Rd7+ Rf7 40. Rd8 Rf8 41. Bg4 Kf7 42. Bxe6+ Kxe6 43. Rxf8 Kd7 44. Rd8+ Ke7 45. Rxc8 Rxc7 46. R8xc7+ 1-0


[Site "https://www.chess.com"]

[Event "Titled Tuesday Blitz April 12 Late 2022"]
[White "Kosteniuk, Alexandra"]
[Black "Xiong, Jeffery"]
[WhiteFideId "4128125"]
[BlackFideId "2047640"]
[WhiteElo "2469"]
[BlackElo "2727"]
[Result "0-1"]
[Round "06"]
[TimeControl "180+1"]
[Date "2022.04.12"]
[WhiteClock "0:00:05"]
[BlackClock "0:00:06"]

1. e4 c5 2. Nf3 d6 3. d4 cxd4 4. Nxd4 Nf6 5. Nc3 a6 6. Be2 e5 7. Nb3 Be7 8. O-O O-O 9. Be3 Be6 10. Bf3 Nbd7 11. a4 Qb8 12. a5 Rc8 13. Re1 Bd8 14. Nd2 b5 15. axb6 Bxb6 16. Na4 Bxe3 17. Rxe3 Nb6 18. Nxb6 Qxb6 19. b3 Rc5 20. c4 Ra5 21. Rd3 Rxa1 22. Qxa1 Nd7 23. Qa3 Nc5 24. Re3 Rb8 25. h3 a5 26. Bd1 Qb4 27. Qc1 Bd7 28. Rg3 Bc6 29. Bc2 Ne6 30. Nf3 Nf4 31. Qd1 Qc5 32. Nh4 g6 33. Nf5 Rd8 34. Ne7+ Kf8 35. Nxc6 Qxc6 36. Rf3 Qc5 37. h4 Ne6 38. Qd2 Nd4 39. Rd3 Rb8 40. Bd1 Qb4 41. Qe3 Kg7 42. h5 Qc5 43. h6+ Kf8 44. Qg5 Qc8 45. Qf6 Qd8 46. Qg7+ Ke7 47. Qxh7 Qf8 48. Rh3 Ne6 49. Rg3 a4 50. bxa4 Rb1 51. Rd3 Nc5 52. Rd5 Nxe4 53. Qg7 Nc3 54. Qxf8+ Kxf8 55. Rxd6 Kg8 56. Kh2 Nxd1 57. a5 Nxf2 58. a6 Rh1+ 59. Kg3 Ne4+ 60. Kf3 Nxd6 61. c5 Ra1 62. cxd6 Rxa6 0-1


[Site "https://www.chess.com"]

[Event "Titled Tuesday Blitz April 12 Late 2022"]
[White "Kozak, Adam"]
[Black "Horcajuelo Rocamora, Martin"]
[WhiteFideId "753246"]
[BlackFideId "24573027"]
[WhiteElo "2459"]
[BlackElo "1822"]
[Result "1-0"]
[Round "06"]
[TimeControl "180+1"]
[Date "2022.04.13"]
[WhiteClock "0:01:59"]
[BlackClock "0:00:06"]

1. e4 e5 2. Nf3 Nc6 3. Bb5 Nf6 4. Bxc6 dxc6 5. d3 Bd6 6. Nbd2 O-O 7. Nc4 Re8 8. h3 b5 9. Ne3 Bf8 10. O-O h6 11. Nh2 Be6 12. Nhg4 Nxg4 13. Nxg4 Qd6 14. Qf3 Kh7 15. Be3 Bxg4 16. Qxg4 Qg6 17. Qxg6+ Kxg6 18. a4 a6 19. b3 c5 20. Rfd1 Kf6 21. Kf1 Ke6 22. Ke2 c6 23. Ra2 g6 24. Rda1 b4 25. g4 a5 26. Rg1 Be7 27. Raa1 Rh8 28. Raf1 g5 29. Rh1 h5 30. gxh5 Rxh5 31. Rfg1 Rah8 32. Rg3 f6 33. Kf1 Rh4 34. Kg2 Bd6 35. f3 Be7 36. Rg4 Kf7 37. Bf2 R4h5 38. h4 gxh4 39. Kh3 f5 40. exf5 Rxf5 41. Kg2 h3+ 42. Rxh3 Rxh3 43. Kxh3 Rxf3+ 44. Kg2 Rf5 45. Rc4 e4 46. dxe4 Rg5+ 47. Kf3 Ke6 48. Be3 Rh5 49. Kg4 Rh4+ 50. Kf3 Rh5 51. c3 bxc3 52. Rxc3 Rh3+ 53. Kg2 Bf6 54. Kxh3 Bxc3 55. Bf4 Bb4 56. Kg4 Ba3 57. Kf3 Bb4 58. Ke2 Bc3 59. Kd3 Bb4 60. Kc4 Kf6 61. Be3 Ke5 62. Bxc5 Bd2 63. b4 Kxe4 64. b5 cxb5+ 65. axb5 Bf4 66. Bb6 a4 67. Bc5 Kf5 68. Kd5 Kf6 69. Kc6 Ke6 70. b6 Kf7 71. Kd7 Kf6 72. Bd6 Bxd6 73. Kxd6 a3 74. b7 a2 75. b8=Q a1=Q 76. Qh8+ Kf5 77. Qxa1 1-0


[Site "https://www.chess.com"]

[Event "Titled Tuesday Blitz April 12 Late 2022"]
[White "Koziorowicz, Michal"]
[Black "Koutlas, Nikolaos"]
[WhiteFideId "21809194"]
[BlackFideId "25827138"]
[WhiteElo "2235"]
[BlackElo "1645"]
[Result "1-0"]
[Round "06"]
[TimeControl "180+1"]
[Date "2022.04.13"]
[WhiteClock "0:01:57"]
[BlackClock "0:01:07"]

1. Nc3 c5 2. a3 g6 3. b4 b6 4. Bb2 Bg7 5. e4 Bb7 6. Nf3 Bxe4 7. Nxe4 Bxb2 8. Rb1 Bg7 9. bxc5 bxc5 10. Nxc5 d6 11. Bb5+ Kf8 12. Ne6+ fxe6 13. Ng5 Qc8 14. Qf3+ Bf6 15. Qxa8 Bxg5 16. Bd3 Kg7 17. Rxb8 Qc5 18. O-O Bxd2 19. Rf8 Bc3 20. Qe8 Nf6 21. Qf7+ Kh6 22. Rxh8 Bd4 23. Qxg6# 1-0


[Site "https://www.chess.com"]

[Event "Titled Tuesday Blitz April 12 Late 2022"]
[White "Lalanne, Pablo"]
[Black "Dahlgren, James Allen"]
[WhiteFideId "112151"]
[BlackFideId "22256873"]
[WhiteElo "2120"]
[BlackElo "2093"]
[Result "1-0"]
[Round "06"]
[TimeControl "180+1"]
[Date "2022.04.13"]
[WhiteClock "0:00:29"]
[BlackClock "0:00:08"]

1. e4 e6 2. d4 c5 3. Nf3 cxd4 4. Nxd4 Nf6 5. Nc3 Nc6 6. Ndb5 d6 7. Bf4 e5 8. Bg5 Be7 9. Bxf6 gxf6 10. Nd5 O-O 11. c3 f5 12. Nbc7 Rb8 13. Bd3 f4 14. O-O a6 15. Be2 b5 16. Bg4 Bxg4 17. Qxg4+ Kh8 18. Rad1 Rg8 19. Qh5 Qf8 20. Nxa6 Ra8 21. Nab4 Nxb4 22. Nxb4 Qg7 23. Qh3 d5 24. Nxd5 Bc5 25. b4 Ba7 26. Ne7 Rge8 27. Nf5 Qg6 28. Rd6 Re6 29. Rfd1 Rg8 30. Rd8 Ra6 31. Ne7 Bxf2+ 32. Kh1 Rxd8 33. Nxg6+ fxg6 34. Rxd8+ Kg7 35. Rd7+ 1-0


[Site "https://www.chess.com"]

[Event "Titled Tuesday Blitz April 12 Late 2022"]
[White "Le Goff, Ronan"]
[Black "Curtis, John"]
[WhiteFideId "612073"]
[BlackFideId "3200256"]
[WhiteElo "2276"]
[BlackElo "2203"]
[Result "1-0"]
[Round "06"]
[TimeControl "180+1"]
[Date "2022.04.13"]
[WhiteClock "0:00:30"]
[BlackClock "0:00:08"]

1. d4 Nf6 2. Nf3 g6 3. Bg5 c5 4. Bxf6 exf6 5. d5 f5 6. Nc3 Bg7 7. e3 Qa5 8. Qd2 Bxc3 9. Qxc3 Qxc3+ 10. bxc3 d6 11. h4 O-O 12. h5 Re8 13. Kd2 Nd7 14. Bb5 Re7 15. Bxd7 Bxd7 16. a4 Rae8 17. g3 f4 18. gxf4 Bf5 19. c4 Bg4 20. Ng5 f6 21. Nh3 Bxh5 22. Rab1 b6 23. a5 bxa5 24. Ra1 Rb8 25. Rxa5 Rb4 26. f5 Rxc4 27. Nf4 Re5 28. Rxa7 Rxf5 29. Rha1 Rcxf4 30. exf4 Rxd5+ 31. Kc3 1-0


[Site "https://www.chess.com"]

[Event "Titled Tuesday Blitz April 12 Late 2022"]
[White "Leitao, Rafael"]
[Black "Martinez Reyes, Pedro Ramon"]
[WhiteFideId "2101246"]
[BlackFideId "3901807"]
[WhiteElo "2609"]
[BlackElo "2410"]
[Result "0-1"]
[Round "06"]
[TimeControl "180+1"]
[Date "2022.04.12"]
[WhiteClock "0:00:04"]
[BlackClock "0:00:07"]

1. c4 Nf6 2. Nc3 e5 3. Nf3 Nc6 4. e4 Bb4 5. d3 O-O 6. Bg5 h6 7. Bh4 Bxc3+ 8. bxc3 a6 9. a4 d6 10. Be2 b6 11. Qd2 Qe7 12. Rg1 Qe6 13. g4 Nh7 14. g5 h5 15. Bg3 g6 16. h4 Bd7 17. Kf1 Qh3+ 18. Rg2 Qh1+ 19. Rg1 Qh3+ 20. Rg2 b5 21. Ng1 Qe6 22. d4 exd4 23. cxd4 Qxe4 24. Bf3 Qf5 25. Rc1 bxa4 26. Bxc6 Bxc6 27. d5 Bd7 28. Ne2 Rab8 29. Nd4 Qe4 30. f3 Qe8 31. Re2 Qc8 32. Re3 Re8 33. Rce1 a3 34. Rxa3 Bh3+ 35. Kf2 Rxe1 36. Qxe1 Rb2+ 37. Kg1 Bg2 38. Re3 Qh3 39. Re8+ Nf8 40. Re2 Qh1+ 41. Kf2 Rxe2+ 42. Qxe2 Bh3 43. Ke3 Bd7 44. Kf2 a5 45. Nc6 Bxc6 46. dxc6 Ne6 47. c5 dxc5 48. Qb2 Qd1 49. Qb8+ Kh7 50. Be5 Qd2+ 51. Kg3 f6 52. Bxf6 Qf4+ 53. Kg2 Qd2+ 54. Kg3 Qe1+ 55. Kg2 Nf4+ 56. Kh2 Qf2+ 0-1


[Site "https://www.chess.com"]

[Event "Titled Tuesday Blitz April 12 Late 2022"]
[White "Lewicki, Miroslaw"]
[Black "Zhou, Qiyu"]
[WhiteFideId "1113380"]
[BlackFideId "505161"]
[WhiteElo "2283"]
[BlackElo "1925"]
[Result "1-0"]
[Round "06"]
[TimeControl "180+1"]
[Date "2022.04.13"]
[WhiteClock "0:00:12"]
[BlackClock "0:00:02"]

1. b3 d5 2. Bb2 e6 3. Nf3 Nf6 4. g3 Bd6 5. Bg2 O-O 6. O-O Re8 7. d4 c5 8. dxc5 Bxc5 9. Nbd2 Nc6 10. e3 e5 11. a3 Qe7 12. b4 Bd6 13. c4 Be6 14. cxd5 Bxd5 15. Qb1 Rad8 16. e4 Be6 17. Ng5 h6 18. Nxe6 Qxe6 19. b5 Ne7 20. Bc3 Bc5 21. Nb3 Bb6 22. a4 Rc8 23. Qb2 a6 24. a5 Ba7 25. b6 Bb8 26. Bb4 Bd6 27. Bxd6 Qxd6 28. Rfd1 Qb4 29. Rd3 Nxe4 30. Bxe4 Qxe4 31. Re3 Qb4 32. Qxe5 Nc6 33. Qxe8+ Rxe8 34. Rxe8+ Kh7 35. Re3 f5 36. f4 h5 37. h4 Nd4 38. Nxd4 Qxd4 39. Ra3 Qd1+ 40. Kf2 Qd2+ 41. Re2 Qd4+ 42. Kg2 Qd5+ 43. Kh2 Qc5 44. Raa2 Qd5 45. Red2 Qf3 46. Rd7 Qe4 47. Rad2 Qc4 48. Rxb7 Qe4 49. Rbd7 Qb4 50. b7 Qxa5 51. b8=Q Qb4 52. Qxb4 1-0


[Site "https://www.chess.com"]

[Event "Titled Tuesday Blitz April 12 Late 2022"]
[White "Maksimovic, Bojan"]
[Black "Shimanov, Aleksandr"]
[WhiteFideId "14408120"]
[BlackFideId "4198603"]
[WhiteElo "2448"]
[BlackElo "2636"]
[Result "0-1"]
[Round "06"]
[TimeControl "180+1"]
[Date "2022.04.12"]
[WhiteClock "0:00:01"]
[BlackClock "0:01:00"]

1. d4 Nf6 2. c4 g6 3. Nc3 Bg7 4. e4 O-O 5. Nf3 d6 6. Be2 e5 7. d5 a5 8. Be3 Ng4 9. Bg5 f6 10. Bh4 Na6 11. Nd2 h5 12. h3 Nh6 13. f3 Nf7 14. Qc2 Bh6 15. O-O-O Kg7 16. Kb1 Bd7 17. Bf2 a4 18. a3 Nc5 19. Ka2 c6 20. h4 Qa5 21. Ndb1 Nb3 22. g4 hxg4 23. fxg4 Bf4 24. g5 fxg5 25. hxg5 Nd4 26. Rxd4 exd4 27. Bxd4+ Be5 28. Qd3 c5 29. Bxe5+ Nxe5 30. Qg3 Rh8 31. Rf1 Raf8 32. Rf6 Rxf6 33. gxf6+ Kxf6 34. Nd2 Qd8 35. Nf3 Qe7 36. Qg5+ Kf7 37. Qf4+ Kg7 38. Ng5 Qf6 39. Qg3 Rh1 40. Bf3 Rf1 41. Be2 Rf2 42. Bd1 Nxc4 43. Nxa4 Bxa4 44. Ne6+ Kg8 0-1


[Site "https://www.chess.com"]

[Event "Titled Tuesday Blitz April 12 Late 2022"]
[White "Manolache, Marius"]
[Black "Rangel, Daniel"]
[WhiteFideId "1201530"]
[BlackFideId "2124475"]
[WhiteElo "2364"]
[BlackElo "2225"]
[Result "1-0"]
[Round "06"]
[TimeControl "180+1"]
[Date "2022.04.13"]
[WhiteClock "0:01:41"]
[BlackClock "0:00:08"]

1. d4 Nf6 2. c4 g6 3. Nc3 Bg7 4. e4 O-O 5. f4 d6 6. Nf3 c5 7. d5 e6 8. dxe6 Bxe6 9. Bd3 Nc6 10. O-O Bg4 11. h3 Bxf3 12. Qxf3 Nd4 13. Qf2 Ne8 14. Kh1 Nc7 15. f5 gxf5 16. exf5 Bf6 17. Ne4 Be5 18. Bh6 Kh8 19. Bxf8 Qxf8 20. Qh4 f6 21. Nf2 Qg7 22. Ng4 Rg8 23. Rf2 a6 24. Nxe5 dxe5 25. Be4 b6 26. g4 Ne8 27. Bd5 Rf8 28. Rg1 Nd6 29. b3 e4 30. Qg3 Rd8 31. Qf4 Qe7 32. Re1 Re8 33. Re3 b5 34. Kg2 b4 35. Rf1 a5 36. Rf2 Nf7 37. Rxe4 Ne5 38. Kh1 Qg7 39. h4 Re7 40. g5 a4 41. Rg2 Ndf3 42. gxf6 Qxf6 43. Rg8# 1-0


[Site "https://www.chess.com"]

[Event "Titled Tuesday Blitz April 12 Late 2022"]
[White "Martic, Ivan"]
[Black "Guzman Moneo, Alberto"]
[WhiteFideId "929301"]
[BlackFideId "2209616"]
[WhiteElo "2317"]
[BlackElo "2157"]
[Result "0-1"]
[Round "06"]
[TimeControl "180+1"]
[Date "2022.04.13"]
[WhiteClock "0:00:08"]
[BlackClock "0:00:27"]

1. e4 c5 2. Nf3 Nc6 3. d4 cxd4 4. Nxd4 g6 5. c4 Nf6 6. Nc3 d6 7. Be2 Nxd4 8. Qxd4 Bg7 9. Be3 O-O 10. Qd2 Qa5 11. Rc1 Be6 12. f3 Rfc8 13. b3 a6 14. Na4 Qxd2+ 15. Kxd2 Nd7 16. g4 f5 17. gxf5 gxf5 18. Rhg1 Kf7 19. Bd3 Ne5 20. Be2 fxe4 21. fxe4 Rc6 22. Rcf1+ Bf6 23. Nb6 Rg8 24. Nd5 Rxg1 25. Rxg1 Rc8 26. Bh5+ Ng6 27. Rf1 Bxd5 28. exd5 b5 29. Bg4 Rb8 30. Be6+ Kg7 31. cxb5 axb5 32. Rf2 b4 33. Kd1 Rb5 34. Rc2 Bc3 35. a4 Rb8 36. a5 Rb5 37. Bb6 Nf4 38. Rf2 Nxd5 39. Rf5 Rxb6 40. axb6 Ne3+ 41. Ke2 Nxf5 42. b7 Nd4+ 43. Kd3 Nc6 44. Bd5 Nb8 45. Kc4 Kf6 46. Kb5 Bd4 47. Kxb4 e6 48. Bg2 d5 49. Kb5 Ke5 50. Bh3 Kd6 51. Bg4 h6 52. h3 Ba7 53. b4 e5 54. Bf5 e4 55. Ka5 Ke5 56. Bg4 d4 57. b5 Bc5 58. b6 d3 59. Kb5 Kd4 60. Bd1 e3 0-1


[Site "https://www.chess.com"]

[Event "Titled Tuesday Blitz April 12 Late 2022"]
[White "Melikhov, Evgeny V."]
[Black "Soysal, Serkan"]
[WhiteFideId "4122046"]
[BlackFideId "6349250"]
[WhiteElo "1931"]
[BlackElo "2440"]
[Result "0-1"]
[Round "06"]
[TimeControl "180+1"]
[Date "2022.04.13"]
[WhiteClock "0:00:17"]
[BlackClock "0:00:47"]

1. d4 d5 2. c4 c6 3. Nc3 Nf6 4. e3 e6 5. Nf3 Nbd7 6. Bd3 dxc4 7. Bxc4 b5 8. Bd3 Bb7 9. O-O Bd6 10. e4 e5 11. Bg5 h6 12. Bh4 O-O 13. d5 b4 14. dxc6 Bxc6 15. Nd5 Bxd5 16. exd5 Qb6 17. Bxf6 Nxf6 18. Re1 Rfe8 19. Rc1 e4 20. Rc6 Qd8 21. Nd4 exd3 22. Rxe8+ Nxe8 23. Qxd3 Be5 24. Nf5 Qg5 25. g3 g6 26. d6 Qxf5 27. Qxf5 gxf5 28. d7 Nc7 29. f4 Bd4+ 30. Kg2 Bb6 31. Rxh6 Rd8 32. Rd6 Kf8 33. h4 Ke7 0-1


[Site "https://www.chess.com"]

[Event "Titled Tuesday Blitz April 12 Late 2022"]
[White "Mikhailov, Viacheslav"]
[Black "Ambartsumova, Karina"]
[WhiteFideId "4187369"]
[BlackFideId "4166299"]
[WhiteElo "2381"]
[BlackElo "2262"]
[Result "1-0"]
[Round "06"]
[TimeControl "180+1"]
[Date "2022.04.12"]
[WhiteClock "0:01:09"]
[BlackClock "0:00:40"]

1. c4 e6 2. g3 Nf6 3. Bg2 d5 4. Nf3 dxc4 5. O-O c6 6. a4 a5 7. Na3 Bxa3 8. Rxa3 O-O 9. Qc2 Qd5 10. d3 cxd3 11. Rxd3 Qh5 12. Bg5 e5 13. Bxf6 gxf6 14. Nh4 Be6 15. Rfd1 Na6 16. Rd6 Nb4 17. Qd2 Qg5 18. e3 Bb3 19. Rc1 Be6 20. Rc5 Rfe8 21. Be4 f5 22. Rxe5 Qf6 23. Rxf5 Qe7 24. Rh5 Red8 25. Bxh7+ Kg7 26. e4 Rxd6 27. Qh6+ Kh8 28. Bg8+ Kxg8 29. Qh8# 1-0


[Site "https://www.chess.com"]

[Event "Titled Tuesday Blitz April 12 Late 2022"]
[White "Mirzoev, Azer"]
[Black "Riehle, Marco"]
[WhiteFideId "13400304"]
[BlackFideId "12904392"]
[WhiteElo "2525"]
[BlackElo "2462"]
[Result "0-1"]
[Round "06"]
[TimeControl "180+1"]
[Date "2022.04.12"]
[WhiteClock "0:02:45"]
[BlackClock "0:02:46"]

1. c4 e6 2. Nf3 d5 3. g3 Nf6 4. Bg2 c5 5. O-O Nc6 6. d4 dxc4 7. Qa4 cxd4 8. Nxd4 Qxd4 9. Bxc6+ Bd7 10. Rd1 Bxc6 11. Qxc6+ Qd7 12. Rd4 Qxc6 0-1


[Site "https://www.chess.com"]